Map: Deathaura LE

Players

Tydro

  • Race: Zerg Zerg
  • League: Diamond
  • Spawn Location: 11:00

Zaechus - Winner!

  • Race: Protoss Protoss
  • League: Diamond
  • Spawn Location: 5:00

VOD

Have the link to the VOD?

Description

Time

  • Played on: July 17, 2020, 12:07 p.m.
  • Length: 14:22
Show
View Real Time Build Order
Export as new Build Order

Tydro Zerg 

Build Orders: Hatch First 

Get SALT Encoding   

  12  0:00  Drone  
  13  0:13  Overlord  
  13  0:16  Drone  
  14  0:31  Drone x2  
  16  0:51  Hatchery, Drone  
  16  0:57  Drone  
  17  0:58  Drone  
  18  1:09  Drone  
  18  1:11  Extractor  
  18  1:18  Spawning Pool  
  18  1:21  Drone  
  18  1:28  Drone  
  19  1:39  Drone  
  20  1:53  Drone  
  21  2:05  Queen x2  
  21  2:06  Zergling x4  
  27  2:11  Metabolic Boost  
  27  2:12  Overlord  
  27  2:24  Drone  
  28  2:38  Hatchery  
  28  2:40  Drone x3  
  33  2:51  Drone  
  33  2:52  Drone  
  33  2:54  Drone  
  33  2:57  Overlord  
  33  3:01  Overlord  
  33  3:17  Drone x3  
  33  3:18  Overlord  
  36  3:21  Drone x3  
  39  3:29  Zergling x2  
  40  3:36  Queen  
  40  3:38  Drone  
  40  3:40  Overlord  
  42  4:02  Zergling x12  
  47  4:05  Drone  
  47  4:06  Drone x4  
  52  4:21  Roach Warren  
  51  4:28  Drone x6  
  57  4:36  Queen  
  59  4:39  Spore Crawler  
  59  4:40  Spore Crawler  
  59  4:43  Spore Crawler  
  49  5:17  Drone x16  
  49  5:19  Lair  
  65  5:27  Baneling Nest  
  65  5:28  Overlord x3  
  64  5:29  Overlord x2  
  64  5:46  Queen  
  64  5:49  Drone  
  67  5:54  Zergling x18  
  76  5:57  Extractor x2  
  76  6:00  Evolution Chamber  
  76  6:03  Drone x3  
  76  6:04  Drone x2  
  76  6:05  Drone, Extractor  
  76  6:06  Hatchery  
  76  6:09  Hatchery  
  76  6:12  Drone x2, Overlord  
  76  6:14  Drone  
  79  6:22  Roach x5  
  89  6:31  Zerg Missile Weapons Level 1  
  89  6:36  Evolution Chamber, Drone  
  89  6:37  Hydralisk Den, Drone  
  89  6:44  Overlord x3  
  89  6:45  Drone x3  
  92  6:47  Extractor  
  92  6:48  Drone x2, Extractor  
  92  7:03  Overseer  
  92  7:07  Pneumatized Carapace  
  92  7:09  Zerg Melee Weapons Level 1  
  92  7:10  Grooved Spines  
  92  7:12  Drone x10  
  102  7:24  Queen  
  104  7:37  Hydralisk x8  
  120  7:48  Spore Crawler  
  120  7:49  Drone x13  
  132  7:51  Extractor  
  132  7:52  Extractor  
  130  8:01  Hydralisk x7  
  130  8:02  Spore Crawler  
  143  8:21  Muscular Augments  
  143  8:29  Hydralisk x2  
  143  8:30  Hydralisk, Zergling x2  
  143  8:32  Overlord x6  
  150  8:41  Hatchery  
  149  9:01  Centrifical Hooks  
  149  9:02  Hydralisk x10  
  149  9:03  Hydralisk x5  
  179  9:21  Zergling x38  
  179  9:23  Overlord x4  
  198  9:37  Zerg Melee Weapons Level 2  
  198  9:38  Zerg Missile Weapons Level 2  
  198  9:43  Infestation Pit  
  196  9:50  Hydralisk x11  
  194  9:52  Zergling x2  
  194  9:53  Zergling x10  
  172  10:03  Hydralisk x5  
  172  10:05  Zergling x20  
  163  10:13  Overseer x4  
  144  10:15  Zergling x16  
  148  10:21  Spore Crawler  
  148  10:22  Drone x2, Spine Crawler  
  148  10:23  Spine Crawler  
  148  10:26  Drone x4  
  151  10:34  Hydralisk x5  
  151  10:35  Hydralisk x4  
  169  10:40  Zergling x12  
  175  10:43  Baneling x6  
  175  10:44  Baneling  
  175  10:45  Baneling  
  175  10:55  Baneling x8  
  175  10:57  Hydralisk  
  175  10:58  Zergling x20  
  158  11:28  Hydralisk x12  
  158  11:29  Hydralisk  
  173  11:38  Zergling x10  
  173  11:39  Zergling x24  
  177  11:53  Zergling x20  
  164  12:11  Baneling x2  
  164  12:12  Baneling x25, Hydralisk x3  
  164  12:13  Hydralisk  
  164  12:14  Zergling x4  
  172  12:18  Extractor  
  172  12:19  Extractor  
  172  12:22  Hatchery  
  169  12:23  Hatchery  
  169  12:28  Spire  
  122  12:55  Hydralisk x13  
  122  12:57  Zergling x12  
  122  12:58  Zergling x20  
  159  12:59  Zergling x2  
  160  13:08  Drone x5  
  160  13:09  Drone x5  
  146  13:42  Corruptor x9  
  153  13:49  Zergling x24  
  153  13:50  Zergling x6  
Show
View Real Time Build Order
Export as new Build Order

Zaechus Protoss - Winner!

Build Orders: 1 Gate Expand, Oracle Opening, Carriers 

Get SALT Encoding   

  12  0:01  Probe  
  13  0:13  Probe  
  14  0:18  Pylon  
  14  0:25  Probe  
  15  0:34  Probe  
  15  0:37  Gateway  
  16  0:43  Probe  
  16  0:44  Assimilator  
  17  0:54  Probe  
  18  1:06  Probe  
  19  1:18  Probe  
  20  1:26  Nexus  
  20  1:39  Cybernetics Core  
  20  1:42  Probe  
  21  1:48  Assimilator  
  21  1:54  Probe  
  22  1:55  Pylon  
  22  2:06  Probe, Stalker  
  23  2:14  Probe  
  23  2:22  Probe  
  26  2:25  Warp Gate  
  26  2:32  Probe  
  26  2:35  Probe  
  26  2:36  Adept  
  29  2:43  Probe  
  30  2:44  Probe  
  30  2:49  Stargate  
  32  2:53  Probe  
  32  2:56  Probe  
  34  3:05  Probe  
  35  3:06  Adept  
  35  3:08  Probe  
  38  3:16  Probe, Shield Battery  
  38  3:17  Probe  
  40  3:27  Forge  
  40  3:29  Probe  
  40  3:33  Probe  
  41  3:35  Gateway  
  41  3:36  Oracle  
  45  3:41  Probe  
  46  3:48  Pylon  
  46  4:02  Nexus  
  46  4:04  Oracle  
  46  4:05  Pylon  
  46  4:06  Probe x2  
  51  4:18  Probe x2  
  53  4:31  Probe, Photon Cannon  
  54  4:41  Pylon, Oracle  
  54  4:44  Photon Cannon  
  57  4:47  Shield Battery  
  55  5:09  Probe  
  55  5:10  Probe  
  56  5:16  Assimilator  
  56  5:18  Assimilator  
  56  5:21  Probe  
  56  5:22  Probe, Adept  
  56  5:25  Oracle  
  63  5:30  Stargate  
  63  5:32  Probe x2  
  63  5:35  Probe  
  65  5:40  Probe x2  
  66  5:43  Probe  
  66  5:46  Photon Cannon  
  66  5:49  Shield Battery  
  69  5:53  Shield Battery  
  69  5:56  Stargate  
  69  5:57  Assimilator  
  69  6:01  Probe x3  
  72  6:08  Photon Cannon  
  72  6:13  Pylon, Probe x2  
  72  6:14  Probe, Photon Cannon  
  75  6:20  Shield Battery  
  75  6:22  Oracle x2  
  81  6:26  Probe x3  
  84  6:32  Assimilator  
  84  6:34  Pylon  
  84  6:35  Probe  
  84  6:38  Probe x2  
  87  6:43  Probe  
  87  6:50  Probe x2  
  87  6:52  Probe  
  90  6:59  Oracle  
  90  7:00  Oracle  
  97  7:02  Probe x2  
  97  7:06  Pylon  
  99  7:08  Pylon  
  99  7:12  Fleet Beacon  
  99  7:16  Pylon  
  99  7:20  Probe x2  
  101  7:24  Probe, Oracle  
  105  7:42  Probe x3  
  105  7:44  Protoss Shields Level 1  
  108  7:53  Oracle x2  
  108  7:54  Probe x3  
  117  8:01  Protoss Air Weapons Level 1  
  117  8:06  Probe  
  117  8:07  Carrier  
  124  8:22  Probe, Nexus  
  124  8:24  Pylon  
  125  8:27  Pylon  
  125  8:30  Pylon  
  125  8:36  Pylon  
  125  8:39  Pylon  
  125  8:40  Photon Cannon  
  125  8:42  Photon Cannon, Shield Battery  
  125  8:43  Carrier  
  125  8:45  Pylon, Carrier  
  137  8:50  Stargate  
  137  9:05  Stalker  
  139  9:14  Photon Cannon  
  139  9:15  Shield Battery  
  139  9:18  Photon Cannon  
  139  9:20  Shield Battery  
  139  9:23  Photon Cannon  
  139  9:25  Shield Battery  
  139  9:29  Photon Cannon  
  139  9:30  Photon Cannon  
  139  9:33  Assimilator  
  139  9:35  Assimilator  
  139  9:43  Shield Battery  
  122  10:00  Adept  
  122  10:01  Adept  
  122  10:03  Carrier x3  
  126  10:27  Photon Cannon  
  126  10:28  Carrier  
  126  10:29  Photon Cannon  
  126  10:31  Shield Battery  
  126  10:35  Photon Cannon  
  126  10:41  Protoss Air Weapons Level 2  
  132  10:45  Stalker  
  134  10:58  Carrier x2  
  134  10:59  Carrier  
  134  11:01  Stargate  
  134  11:03  Twilight Council  
  152  11:23  Carrier  
  136  11:28  Probe x3  
  136  11:29  Probe  
  142  11:34  Zealot x2  
  142  11:37  Protoss Shields Level 2  
  143  11:40  Probe x2  
  143  11:41  Probe  
  139  11:48  Charge  
  139  11:50  Carrier  
  139  11:52  Probe x2  
  139  11:53  Carrier, Probe x2  
  143  11:56  Zealot x2  
  153  12:03  Carrier  
  153  12:04  Probe  
  153  12:05  Probe x3  
  163  12:16  Probe  
  163  12:17  Probe  
  165  12:27  Photon Cannon  
  165  12:29  Shield Battery  
  165  12:31  Photon Cannon  
  165  12:32  Pylon x2  
  165  12:33  Carrier x2, Shield Battery  
  177  12:39  Zealot x2  
  181  12:49  Probe x3  
  153  13:01  Probe x2  
  155  13:08  Templar Archives  
  155  13:20  Nexus  
  155  13:24  Pylon  
  155  13:32  Zealot  
  157  13:35  Zealot  
  159  13:47  Probe x3  
  162  13:59  Probe x2  
  162  14:00  Probe  
Tags
 
Add a new tag
Caveats
  • Supply blocks, unpowered buildings, or Contaminate may cause inaccurate times.
  • Supply counts are checked every 10 seconds.